 Dungeon Crawl Stone Soup version 0.16.1-25-gbcee3f8 (webtiles) character file.

170 drasked the Poker (level 5, -5/45 HPs)
             Began as a Hill Orc Fighter on May 17, 2015.
             Killed from afar by an orc wizard (8 damage)
             ... with a magic dart
             ... on level 3 of the Dungeon.
             The game lasted 00:04:54 (2324 turns).

drasked the Poker (Hill Orc Fighter)                Turns: 2324, Time: 00:04:54

Health: -5/45      AC:  8    Str: 19    XL:     5   Next: 50%
Magic:  5/5        EV:  7    Int:  9    God:
Gold:   65         SH:  9    Dex: 10    Spells: 0 memorised, 4 levels left

rFire  . . .     SeeInvis .     a - +0 trident
rCold  . . .     Clarity  .     b - +0 scale mail
rNeg   . . .     SustAb   .     c - +0 shield
rPois  .         Gourm    .     (no helmet)
rElec  .         Spirit   .     (no cloak)
rCorr  .         Warding  .     u - +0 pair of gloves
rMut   .         Stasis   .     (no boots)
MR     .....                    (no amulet)
Stlth  ..........               (no ring)
                                (no ring)

@: slowed, very slow, not resistant to hostile enchantments, extremely
unstealthy
A: no striking features
a: no special abilities


You were on level 3 of the Dungeon.
You were not hungry.

You visited 1 branch of the dungeon, and saw 3 of its levels.

You collected 65 gold pieces.

Inventory:

Hand weapons
 a - a +0 trident (weapon)
Missiles
 s - a throwing net {=f, !d}
Armour
 b - a +0 scale mail (worn)
 c - a +0 shield (worn)
 u - a +0 pair of gloves (worn)
   (You found it on level 3 of the Dungeon)
Scrolls
 g - 2 scrolls of fear
 i - a scroll of magic mapping {!r}
 k - a scroll of identify
 m - 2 scrolls of remove curse
Potions
 e - a potion of might
 h - a potion of curing {unknown}
 q - 2 potions of poison {unknown}
 r - 2 potions of brilliance
Comestibles
 d - a meat ration {@e2}
 f - a bread ration {@e1}
 o - a royal jelly


   Skills:
 - Level 3.6 Fighting
 + Level 6.1 Polearms
 - Level 3.2 Armour
 - Level 3.2 Shields


You had 4 spell levels left.
You didn't know any spells.

Dungeon Overview and Level Annotations

Branches:
Dungeon (3/15)

Altars:
Nemelex Xobeh


Message History

You kill the orc!
You block the orc wizard's attack.
You closely miss the orc wizard. You block the orc wizard's attack.
You hit the orc wizard.
The orc wizard casts a spell.
The orc wizard flickers and vanishes!
Deactivating autopickup; reactivate with Ctrl-A.
You hit the orc.
Your scale mail prevents you from hitting the orc.
You block the orc's attack.
You closely miss the orc. The orc hits you with a mace.
You take 3 damage, and have 42/45 hp.
You hit the orc but do no damage. The orc completely misses you.
You hit the orc.
The orc wizard gestures wildly while chanting.
The orc wizard blinks!
The orc hits you with a mace.
You take 2 damage, and have 40/45 hp.
You puncture the orc!
You kill the orc!
Your shield and scale mail prevent you from hitting the orc wizard.
The orc wizard hits you but does no damage.
The orc wizard barely misses you.
You barely miss the orc wizard.
The orc wizard mumbles some strange words.
The orc wizard blinks!
Something hits you but does no damage.
The orc wizard mumbles some strange words.
The orc wizard seems to speed up.
Items here: )) [[ †† a mace; a scale mail; a war axe of chopping; a scale mail; an orc corpse an orc corpse Your shield prevents you from hitting something.
Something hits you. The orc wizard casts a spell at you.
The magic dart hits you! Something hits you but does no damage.
You take 8 damage, and have 33/45 hp.
You hit something but do no damage. Something hits you but does no damage.
The orc wizard barely misses you.
You miss something.
The orc wizard points at you and mumbles some strange words.
The magic dart hits you! You block its attack.
You take 2 damage, and have 31/45 hp.
You puncture something!
The orc wizard hits you but does no damage.
Something hits you but does no damage. The orc wizard closely misses you.
You closely miss something. Something hits you.
The orc wizard mumbles some strange words.
The orc wizard blinks!
Something hits you but does no damage.
You take 1 damage, and have 30/45 hp.
Your shield and scale mail prevent you from hitting something.
Something hits you but does no damage. Something completely misses you.
You barely miss something. Something hits you but does no damage.
You closely miss something.
The orc wizard points at you and mumbles some strange words.
You feel yourself slow down. Something hits you but does no damage.
Something hits you.
You take 1 damage, and have 30/45 hp.
You barely miss something. You block the orc wizard's attack.
You hear some strange, mumbled words.
The puff of frost hits you!
The orc wizard hits you but does no damage.
Something hits you but does no damage.
The orc wizard hits you but does no damage.
You take 10 damage, and have 20/45 hp.
MASSIVE DAMAGE!!
You barely miss something. Something hits you but does no damage.
You block the orc wizard's attack. Something hits you.
The orc wizard barely misses you. Something completely misses you.
You take 1 damage, and have 19/45 hp.
You completely miss something.
The orc wizard hits you but does no damage.
Something hits you but does no damage.
The orc wizard points at you and mumbles some strange words.
The magic dart hits you! You block its attack.
You take 4 damage, and have 15/45 hp.
You hit something. You block the orc wizard's attack. Something hits you.
* * * LOW HITPOINT WARNING * * *
The orc wizard hits you but does no damage.
Something hits you but does no damage. You block the orc wizard's attack.
You take 2 damage, and have 13/45 hp.
You barely miss something. Something hits you but does no damage.
The orc wizard hits you but does no damage.
Something hits you but does no damage. The orc wizard barely misses you.
You block its attack.
Unknown command.
You closely miss something. The orc wizard closely misses you.
You hear some strange, mumbled words.
The puff of frost hits you!
* * * LOW HITPOINT WARNING * * *
The orc wizard closely misses you.
You take 8 damage, and have 5/45 hp.
Your scale mail prevents you from hitting something.
The orc wizard closely misses you.
You hear some strange, mumbled words.
The puff of frost hits you!
* * * LOW HITPOINT WARNING * * *
The orc wizard hits you but does no damage.
You hear some strange, mumbled words.
The magic dart hits you!
You die...

#.#.##.##.#.......
#.#.#.....#.......
#.#.#.....###+#.#.
#.#.#....>+.....[.
#.#.#.....#####'#+
#.#.#.....'.......
#o#.#.....###.....
#{#.#########.....
#@#...............
##o####..........÷.
#.....'............
#######............
########.....
#..... #.....
#######.....
#...........


You could see an orc wizard and an orc.

Vanquished Creatures
  3 adders
  6 gnolls
  A giant mite (D:2)
  A worm (D:3)
  2 giant geckos
  An ooze (D:2)
  3 orcs (D:3)
  A ball python (D:3)
  7 giant cockroaches
  10 goblins
  6 hobgoblins
  8 bats
  3 giant newts
  6 kobolds
  3 quokkas
  6 rats
67 creatures vanquished.

Notes
Turn   | Place    | Note
--------------------------------------------------------------
     0 | D:1      | drasked, the Hill Orc Fighter, began the quest for the Orb.
     0 | D:1      | Reached XP level 1. HP: 19/19 MP: 1/1
   324 | D:1      | Reached XP level 2. HP: 26/26 MP: 2/2
   363 | D:1      | Reached skill level 3 in Polearms
   708 | D:1      | Reached XP level 3. HP: 11/31 MP: 3/3
   909 | D:2      | Reached skill level 4 in Polearms
  1085 | D:2      | Found a sparkling altar of Nemelex Xobeh.
  1096 | D:2      | Reached XP level 4. HP: 37/39 MP: 4/4
  1217 | D:2      | Reached skill level 5 in Polearms
  1583 | D:2      | Reached XP level 5. HP: 19/45 MP: 5/5
  2138 | D:3      | Reached skill level 6 in Polearms
  2323 | D:3      | HP: 5/45 [something/puff of frost (8)]
  2324 | D:3      | Killed from afar by an orc wizard

Action                   |  1- 3 |  4- 6 || total
-------------------------+-------+-------++-------
Melee: Trident           |   130 |   183 ||   313
  Use: Scroll            |       |     9 ||     9
  Eat: Chunk             |     1 |     4 ||     5

Vault maps used:
D:1:      dpeg_arrival_tiny_a
D:2:      nemelex_xobeh_ov_fountains_minmay
D:3:      first_bread

Table legend:
 A = Turns spent in this place as a percentage of turns spent in the entire game.
 B = Non-inter-level travel turns spent in this place as a percentage of non-inter-level travel turns spent in the entire game.
 C = Inter-level travel turns spent in this place as a percentage of turns spent in this place.
 D = Turns resting spent in this place as a percentage of non-inter-level travel turns spent in this place.
 E = Turns spent auto-exploring this place as a percentage of non-inter-level travel turns spent in this place.
 F = Non-inter-level travel turns spent in this place divided by the number of levels of this place that you've seen.
                   A       B       C       D       E      F
               +-------+-------+-------+-------+-------+----------------------
         Total | 100.0 | 100.0 |   0.7 |   1.7 |   7.3 | 442.7
       Dungeon | 100.0 | 100.0 |   0.7 |   1.7 |   7.3 | 442.7
               +-------+-------+-------+-------+-------+----------------------

Table legend:
 A = Kills in this place as a percentage of kills in entire the game.
 B = Kills by you in this place as a percentage of kills by you in the entire game.
 C = Kills by friends in this place as a percentage of kills by friends in the entire game.
 D = Other kills in this place as a percentage of other kills in the entire game.
 E = Experience gained in this place as a percentage of experience gained in the entire game.
 F = Experience gained in this place divided by the number of levels of this place that you have seen.
                   A       B       C       D       E      F
               +-------+-------+-------+-------+-------+----------------------
         Total | 100.0 | 100.0 |  -nan |  -nan | 100.0 |  81.0
       Dungeon | 100.0 | 100.0 |  -nan |  -nan | 100.0 |  81.0
               +-------+-------+-------+-------+-------+----------------------
